 Dungeon Crawl Stone Soup version 0.30-a0-145-g03d90e2e6d (webtiles) character file.

Game seed: 1548370303075069326

546 qw the Chopper (level 7, 0/43 HPs)
             Began as a Gargoyle Fighter on Sept 26, 2022.
             Slain by an ogre
             ... wielding a +0 giant spiked club
              (12 damage)
             ... on level 5 of the Dungeon.
             The game lasted 00:01:25 (4337 turns).

qw the Chopper (Gargoyle Fighter)                   Turns: 4337, Time: 00:01:25

Health: 0/43       AC: 11    Str: 22    XL:     7   Next: 28%
Magic:  7/7        EV:  9    Int:  8    God:
Gold:   192        SH:  4    Dex:  9    Spells: 6/6 levels left

rFire   . . .      SeeInvis .    Y - +2 war axe (drain)
rCold   . . .      Faith    .    c - +0 buckler
rNeg    + . .      Spirit   .    b - +0 scale mail
rPois   inf        Reflect  .    (no helmet)
rElec   +          Harm     .    (no cloak)
rCorr   .          Rampage  .    (no gloves)
Will    .....                    (no boots)
Stlth   ..........               (no amulet)
HPRegen 0.14/turn                (no ring)
MPRegen 0.10/turn                (no ring)

@: no status effects
A: sickness immunity, AC +4, negative energy resistance 1, electricity
resistance, torment resistance 1, petrification resistance
a: no special abilities


You were on level 5 of the Dungeon.
You visited 1 branch of the dungeon, and saw 5 of its levels.

You collected 192 gold pieces.


Innate Abilities, Weirdness & Mutations

You are immune to sickness and miasma.
Your stone body is resilient. (AC +4)
You are immune to poison.
You resist negative energy. (rN+)
You are resistant to electric shocks. (rElec)
You are resistant to unholy torment.
You are immune to petrification.


   Skills:
 - Level 4.0 Fighting
 + Level 6.0 Axes
 - Level 2.5 Throwing
 - Level 3.2 Armour
 - Level 1.0 Dodging
 - Level 3.2 Shields


You had 6 spell levels left.
You didn't know any spells.
Your spell library was empty.

Inventory:

Hand Weapons
 g - a +0 mace
 Y - a +2 war axe of draining (weapon)
Missiles
 h - 2 boomerangs
 s - 3 silver javelins (quivered)
Armour
 b - a +0 scale mail (worn)
 c - a +0 buckler (worn)
Scrolls
 r - a scroll of identify
Potions
 d - a potion of might
 e - a potion of attraction
 f - a potion of cancellation
 i - a potion of curing
 j - a potion of degeneration {unknown}
 k - 3 potions of resistance
 m - a potion of magic {unknown}
 n - a potion of heal wounds {unknown}

Dungeon Overview and Level Annotations

Branches:
Dungeon (5/15)
 Temple: D:4-7

Altars:
Ashenzari
Kikubaaqudgha
Makhleb
Qazlal

Shops:
D:2 (


Message History

The gnoll shouts!
You hit the necrophage.
The necrophage hits you but does no damage.
The gnoll hits you but does no damage. The adder bites you but does no damage.
The necrophage hits you. The gnoll closely misses you.
The adder completely misses you.
You hit the gnoll. You drain the gnoll.
You kill the gnoll!
You closely miss the adder. You slash the necrophage!
The adder bites you but does no damage.
The necrophage hits you but does no damage.
You barely miss the necrophage.
The necrophage is moderately damaged.
You completely miss the orc. You closely miss the adder.
The adder barely misses you.
The necrophage hits you but does no damage.
The orc barely misses you. The adder bites you.
You slash the necrophage!
The necrophage is heavily damaged.
You barely miss the orc. You hit the adder. You drain the adder.
The necrophage hits you but does no damage.
The orc closely misses you. The adder bites you but does no damage.
You completely miss the adder.
The adder is severely wounded.
You hit the orc. You drain the orc.
You kill the orc!
You hit the necrophage. The adder barely misses you.
The necrophage closely misses you. The adder bites you but does no damage.
The necrophage hits you.
The ogre hits you with a +0 giant spiked club!!
You slash the necrophage!
You destroy the necrophage!
You barely miss the ogre. You slash the adder!
You kill the adder!
Your Axes skill increases to level 6!
You slash the ogre!
The ogre is moderately wounded.
You hit the gnoll. You closely miss the gnoll.
The ogre hits you with a +0 giant spiked club!
You die... . .. ##### ..### #.@.# ... #ggO#

#.##.W.#
#.).)..###
#$..)....#
##.#...#....
#..#...##...
...##...#
.g. .^##
###.# .g


You could see an ogre, a phantom and 2 gnolls.

Vanquished Creatures
  An ice beast (D:4)
  A necrophage (D:5)
  3 scorpions (D:4)
  A hound (D:4)
  An iguana (D:4)
  An orc wizard (D:5)
  A gnoll (D:5)
  2 adders
  4 worms
  A dart slug (D:2)
  8 orcs
  2 bats
  8 endoplasms
  3 giant cockroaches (D:1)
  4 goblins
  8 hobgoblins
  16 jackals
  8 kobolds
  4 quokkas
  8 ball pythons
  3 frilled lizards
  5 rats
93 creatures vanquished.

Notes
Turn   | Place    | Note
-------+----------+-------------------------------------------
     0 | D:1      | qw the Gargoyle Fighter began the quest for the Orb.
     0 | D:1      | Reached XP level 1. HP: 14/14 MP: 1/1
     0 | D:1      | 0 ||| qw: Version: 0.2-a-10-g399e6c4
     0 | D:1      | 0 ||| qw: Game counter: 521
     0 | D:1      | 0 ||| qw: Always use a shield: true
     0 | D:1      | 0 ||| qw: God list: Okawaru
     0 | D:1      | 0 ||| qw: Allow faded altars: false
     0 | D:1      | 0 ||| qw: Do Orc after D:15 true
     0 | D:1      | 0 ||| qw: Do second Lair branch before Depths: true
     0 | D:1      | 0 ||| qw: Lair rune preference: random
     0 | D:1      | 0 ||| qw: Plans: Normal, Zot:1-4, God:TSO, Crypt, Tomb,
                  | Pan, Slime:5, Hells, Abyss, Orb
     0 | D:1      | 0 ||| PLANNING D:1-11
    18 | D:1      | 18 ||| Stepping ~*~*~tactically~*~*~ (stealth).
    25 | D:1      | 25 ||| Stepping ~*~*~tactically~*~*~ (stealth).
    39 | D:1      | Reached skill level 2 in Axes
   198 | D:1      | Reached XP level 2. HP: 19/19 MP: 2/2
   340 | D:1      | Reached skill level 3 in Axes
   438 | D:1      | Reached XP level 3. HP: 21/23 MP: 3/3
   687 | D:1      | 687 ||| Stepping ~*~*~tactically~*~*~ (stealth).
   937 | D:1      | 937 ||| Stepping ~*~*~tactically~*~*~ (stealth).
  1017 | D:1      | 1017 ||| READING scroll labelled HONAN PIDUIFAFF.
  1040 | D:2      | 1040 ||| STAIRDANCE
  1162 | D:2      | 1162 ||| Stepping ~*~*~tactically~*~*~ (stealth).
  1168 | D:2      | 1168 ||| Stepping ~*~*~tactically~*~*~ (stealth).
  1278 | D:2      | Found Soidoad's Antique Weapon Shoppe.
  1364 | D:2      | Reached XP level 4. HP: 28/28 MP: 4/4
  1758 | D:2      | Reached skill level 4 in Axes
  2081 | D:2      | 2081 ||| READING scroll labelled QEUKYU JIFFU.
  2082 | D:2      | 2082 ||| DRINKING 2 sapphire potions.
  2138 | D:2      | 2138 ||| STAIRDANCE
  2142 | D:2      | 2142 ||| STAIRDANCE
  2146 | D:2      | 2146 ||| STAIRDANCE
  2150 | D:2      | 2150 ||| STAIRDANCE
  2154 | D:2      | 2154 ||| STAIRDANCE
  2158 | D:2      | 2158 ||| STAIRDANCE
  2162 | D:2      | 2162 ||| STAIRDANCE
  2166 | D:2      | 2166 ||| STAIRDANCE
  2170 | D:2      | 2170 ||| STAIRDANCE
  2174 | D:2      | 2174 ||| STAIRDANCE
  2178 | D:2      | 2178 ||| STAIRDANCE
  2182 | D:2      | 2182 ||| STAIRDANCE
  2186 | D:2      | 2186 ||| STAIRDANCE
  2190 | D:2      | 2190 ||| STAIRDANCE
  2194 | D:2      | 2194 ||| STAIRDANCE
  2198 | D:2      | 2198 ||| STAIRDANCE
  2202 | D:2      | 2202 ||| STAIRDANCE
  2206 | D:2      | 2206 ||| STAIRDANCE
  2210 | D:2      | 2210 ||| STAIRDANCE
  2382 | D:3      | Found a broken altar of Ashenzari.
  2423 | D:3      | 2423 ||| Stepping ~*~*~tactically~*~*~ (hiding).
  2609 | D:3      | 2609 ||| READING scroll of enchant weapon.
  2609 | D:3      | 2609 ||| ENCHANTING +1 war axe.
  2640 | D:3      | 2640 ||| Stepping ~*~*~tactically~*~*~ (stealth).
  2643 | D:3      | 2643 ||| Stepping ~*~*~tactically~*~*~ (stealth).
  2873 | D:3      | Found a stormy altar of Qazlal.
  2900 | D:3      | You fall into a shaft and drop 1 floor!
  2908 | D:4      | Noticed a scorpion
  2920 | D:4      | Killed a scorpion
  2921 | D:4      | Reached XP level 5. HP: 31/32 MP: 5/5
  2954 | D:4      | Noticed an ice beast
  2966 | D:4      | Killed an ice beast
  2967 | D:4      | Reached XP level 6. HP: 13/37 MP: 6/6
  3192 | D:4      | Reached skill level 5 in Axes
  3394 | D:4      | 3394 ||| READING 2 scrolls labelled ADWAUN KIWEMN.
  3395 | D:4      | 3395 ||| READING scroll labelled SEGEPNAROC.
  3396 | D:4      | 3396 ||| READING scroll labelled XACRIN USTRUXT.
  3397 | D:4      | 3397 ||| READING scroll labelled ZETHRA DUISTRAPT.
  3402 | D:4      | 3402 ||| READING scroll labelled MITAETTOHAI.
  3403 | D:4      | 3403 ||| DRINKING 3 emerald potions.
  3404 | D:4      | 3404 ||| DRINKING 2 golden potions.
  3505 | D:4      | 3505 ||| READING 2 scrolls of identify.
  3505 | D:4      | 3505 ||| IDENTIFYING green potion
  3506 | D:4      | 3506 ||| DROPPING scroll of fear.
  3507 | D:4      | 3507 ||| DROPPING potion of ambrosia.
  3733 | D:3      | Found a burning altar of Makhleb.
  4018 | D:4      | Reached skill level 1 in Dodging
  4025 | D:4      | Found an ancient bone altar of Kikubaaqudgha.
  4234 | D:4      | 4234 ||| READING 2 scrolls of identify.
  4234 | D:4      | 4234 ||| IDENTIFYING puce potion
  4263 | D:5      | Entered Level 5 of the Dungeon
  4264 | D:5      | 4264 ||| Stepping ~*~*~tactically~*~*~ (hiding).
  4265 | D:5      | 4265 ||| Stepping ~*~*~tactically~*~*~ (hiding).
  4266 | D:5      | 4266 ||| Stepping ~*~*~tactically~*~*~ (hiding).
  4273 | D:5      | Reached XP level 7. HP: 37/43 MP: 7/7
  4275 | D:5      | 4275 ||| FLEEEEING.
  4276 | D:5      | 4276 ||| FLEEEEING.
  4277 | D:5      | 4277 ||| FLEEEEING.
  4278 | D:5      | 4278 ||| STAIRDANCE
  4327 | D:5      | 4327 ||| Stepping ~*~*~tactically~*~*~ (hiding).
  4328 | D:5      | 4328 ||| Stepping ~*~*~tactically~*~*~ (stealth).
  4337 | D:5      | Reached skill level 6 in Axes
  4337 | D:5      | Slain by an ogre

Levels and vault maps discovered:
D:1:      spicycebolla_arrival_ecumenical, layout_loops_corners,
          minmay_split_cup_large
D:2:      layout_basic, serial_shops, nicolae_shop_overgrown_old_shop,
          chequers_serial_rivers_micro_a, uniq_crazy_yiuf_cottage
D:3:      layout_loops_ring, grunt_qazlal_sundering,
          mainiacjoe_overflow_brackets, lightli_temple_of_fire,
          chequers_serial_rivers_large_a
D:4:      layout_basic, mainiacjoe_overflow_24_doors
D:5:      layout_rooms, lemuel_zombie_altar_yredelemnul,
          minmay_temple_entry_hall

Skill      XL: |  1  2  3  4  5  6  7 |
---------------+----------------------+-----
Axes           | 2 3 4 5 6 |  6.0
Throwing       | 2 |  2.5
Fighting       | 4 |  4.0
Dodging        | 1 |  1.0
Armour         | |  3.2
Shields        | |  3.2

Action                   |  1- 3 |  4- 6 |  7- 9 || total
-------------------------+-------+-------+-------++-------
Melee: War axe           |   124 |   106 |    12 ||   242
Throw: Boomerang         |    20 |    24 |       ||    44
       Javelin           |       |    18 |       ||    18
  Use: Scroll            |     1 |     9 |       ||    10
       Potion            |       |     3 |       ||     3
Armor: Scale mail        |    64 |    54 |    13 ||   131
Dodge: Dodged            |    52 |    55 |     9 ||   116
Block: Buckler           |    26 |    18 |       ||    44

Table legend:
 A = Non-vault XP
 B = Vault XP
 C = Vault XP percentage of total XP
 D = Non-vault monster count
 E = Vault monster count
 F = Vault count percentage of total count
                 A         B        C        D         E       F
            +---------+---------+-------+---------+---------+-------
      Total |     774 |       7 |   0.9 |      89 |       4 |   4.3
            +---------+---------+-------+---------+---------+-------
        D:1 |      52 |       7 |  11.9 |      32 |       4 |  11.1
        D:2 |      46 |       0 |   0.0 |      20 |       0 |   0.0
        D:3 |      41 |       0 |   0.0 |      12 |       0 |   0.0
        D:4 |     468 |       0 |   0.0 |      18 |       0 |   0.0
        D:5 |     167 |       0 |   0.0 |       7 |       0 |   0.0
            +---------+---------+-------+---------+---------+-------
